 Dungeon Crawl Stone Soup version 0.19.0-22-gd96e5fe (webtiles) character file.

26583 RKaid the Severer (level 12, -15/156 HPs)
             Began as a Minotaur Berserker on Nov 19, 2016.
             Was the Champion of Trog.
             Killed from afar by a merfolk aquamancer (20 damage)
             ... with a ball of steam
             ... on level 2 of the Shoals.
             The game lasted 00:45:45 (11858 turns).

RKaid the Severer (Minotaur Berserker)             Turns: 11858, Time: 00:45:45

Health: -15/156    AC: 26    Str: 43    XL:     12   Next: 99%
Magic:  11/11      EV: 14    Int:  4    God:    Trog [******]
Gold:   287        SH: 14    Dex: 11    Spells: 0 memorised, 11 levels left

rFire  . . .     SeeInvis .     b - +4 broad axe (protect)
rCold  . . .     Gourm    +     e - +3 ring mail "Uffineph" {*Drain Str+6}
rNeg   . . .     Faith    .     D - +0 shield {reflect}
rPois  .         Spirit   .     (helmet restricted)
rElec  .         Reflect  +     O - +2 cloak
rCorr  .         Harm     .     P - +1 pair of gloves {Str+3}
MR     .....                    (no boots)
Stlth  ..........               t - amulet of the gourmand {Gourm, !d}
                                C - +3 ring of evasion
                                l - +3 ring of strength

@: berserking, protection aura, very quick
A: retaliatory headbutt, hooves 1, horns 2, slimy green scales 1
a: Berserk, Trog's Hand, Brothers in Arms, Burn Spellbooks, Renounce Religion


You were on level 2 of the Shoals.
You worshipped Trog.
Trog was exalted by your worship.
You were not hungry.

You visited 3 branches of the dungeon, and saw 17 of its levels.

You collected 818 gold pieces.
You spent 531 gold pieces at shops.

Inventory:

Hand Weapons
 a - a +1 war axe of flaming
   (You took it off an orc on level 9 of the Dungeon)
 b - a +4 broad axe of protection (weapon)
   (Trog gifted it to you on level 1 of the Lair of Beasts)
 F - a +2 war axe of freezing
   (You took it off an orc on level 9 of the Dungeon)
Missiles
 Q - 4 javelins (quivered)
Armour
 e - the +3 ring mail "Uffineph" (worn) {*Drain Str+6}
   (You found it on level 1 of the Lair of Beasts)

   It affects your strength (+6).
   It causes draining when unequipped.
 n - the +7 chain mail of Synyrisi {MP+9}
   (You found it on level 8 of the Dungeon)

   It affects your magic capacity (+9).
 o - a +0 chain mail of poison resistance
   (You took it off an orc on level 4 of the Dungeon)
 q - the +4 ring mail of Hepliaklqana's Envy {-Cast rC+ Str+3}
   (You bought it in a shop on level 8 of the Dungeon)

   It affects your strength (+3).
   It protects you from cold.
   It prevents spellcasting.
 D - a +0 shield of reflection (worn)
   (You acquired it on level 10 of the Dungeon)
 H - the +0 crystal plate armour "Piffevif" {SInv}
   (You found it on level 10 of the Dungeon)

   It lets you see invisible.
 O - a +2 cloak (worn)
   (You found it on level 2 of the Shoals)
 P - a +1 pair of gloves of strength (worn)
   (You bought it in a shop on level 1 of the Shoals)
Jewellery
 i - a +3 ring of dexterity
   (You found it on level 1 of the Lair of Beasts)
 l - a +3 ring of strength (left hand)
   (You found it on level 1 of the Dungeon)
 s - an uncursed ring of poison resistance {rPois, !d}
   (You found it on level 7 of the Dungeon)
 t - an amulet of the gourmand (around neck) {Gourm, !d}
   (You took it off an orc on level 3 of the Dungeon)
 C - a +3 ring of evasion (right hand)
   (You found it on level 7 of the Dungeon)
 I - a +3 ring of dexterity
   (You found it on level 3 of the Lair of Beasts)
 J - an uncursed ring of ice {rC+, rF-}
   (You found it on level 4 of the Lair of Beasts)
Wands
 m - a wand of iceblast (6/15)
   (You found it on level 7 of the Dungeon)
 y - a wand of polymorph (12/24)
   (You found it on level 10 of the Dungeon)
 z - a wand of acid (6/15)
   (You found it on level 3 of the Lair of Beasts)
Scrolls
 d - a scroll of identify
 h - 6 scrolls of teleportation
 k - 2 scrolls of fear
 E - a scroll of fog
 L - a scroll of blinking {!r}
 N - a scroll of magic mapping {!r}
 R - a scroll of summoning
Potions
 f - a potion of agility
 p - a potion of cure mutation {!q}
 u - 5 potions of brilliance
 v - a potion of might
 w - a potion of heal wounds {unknown}
 A - 3 potions of lignification {!q}
 B - 2 potions of magic
 G - 3 potions of mutation {!q}
 M - a potion of haste {unknown}
Comestibles
 c - 10 bread rations
 g - 7 meat rations
 j - 4 fruits
 r - 12 royal jellies
 x - a beef jerky
 K - a slice of pizza


   Skills:
 - Level 9.2 Fighting
 - Level 16.5 Axes
 + Level 3.7 Throwing
 + Level 13.7 Armour
 - Level 2.1 Dodging
 + Level 10.8 Shields


You had 11 spell levels left.
You didn't know any spells.

Dungeon Overview and Level Annotations

Branches:
Dungeon (10/15)            Temple (0/1) D:7            Lair (5/6) D:10
 Shoals (2/4) Lair:2       Spider (0/4) Lair:2          Orc (0/2) D:9
  Slime: Lair:5-6

Altars:
Cheibriados
Dithmenos
Elyvilon
Fedhas
Hepliaklqana
Makhleb
Okawaru
Qazlal
Vehumet
Xom

Shops:
D:8 %([=   Shoals:1 }([[

Portals:
Bailey: D:9

Annotations:
D:8 1 runed door


Innate Abilities, Weirdness & Mutations

You reflexively headbutt those who attack you in melee.
You have a pair of horns on your head.
You have large cloven feet.
You are partially covered in slimy green scales. (AC +2)


Message History

You barely miss the water elemental.
You kick the water elemental, but do no damage.
You headbutt the water elemental, but do no damage.
The water elemental closely misses you.
You barely miss the water elemental. Your kick misses the water elemental.
The water elemental closely misses you.
You slice the water elemental!!
Your weapon exudes an aura of protection.
Your kick misses the water elemental. You headbutt the water elemental!
The water elemental barely misses you. You furiously retaliate!
You headbutt the water elemental, but do no damage.
You slice the water elemental!!
You destroy the water elemental!
Trog accepts your kill.
You start resting.
A merfolk aquamancer comes into view.
It is wielding a rapier of electrocution.
A merfolk aquamancer is nearby!
The merfolk aquamancer shouts!
The merfolk aquamancer mumbles some strange words.
The merfolk aquamancer blinks!
You start resting.
A water elemental comes into view.
You slice the merfolk aquamancer!!
Your weapon exudes an aura of protection.
You kick the merfolk aquamancer.
Your headbutt misses the merfolk aquamancer.
The water elemental moves out of view.
You block the merfolk aquamancer's attack.
You closely miss the merfolk aquamancer.
You kick the merfolk aquamancer, but do no damage.
You headbutt the merfolk aquamancer, but do no damage.
A merfolk comes into view. It is wielding a trident.
You barely miss the merfolk aquamancer.
The merfolk shouts!
You kick the merfolk aquamancer. You headbutt the merfolk aquamancer!
The merfolk aquamancer hits you but does no damage.
You closely miss the merfolk aquamancer.
You kick the merfolk aquamancer, but do no damage.
You headbutt the merfolk aquamancer!
The merfolk aquamancer points at you and mumbles some strange words.
The shard of ice hits you!
A merfolk comes into view. It is wielding a trident.
The merfolk aquamancer casts a spell at you.
The ball of steam hits you!
* * * LOW HITPOINT WARNING * * *
You are engulfed in a cloud of scalding steam.
The merfolk aquamancer gestures wildly while chanting.
The merfolk aquamancer blinks!
A red film seems to cover your vision as you go berserk!
You feel yourself moving faster!
You feel mighty!
The merfolk aquamancer points at you and mumbles some strange words.
Your +0 shield of reflection reflects the great wave of water!
The great wave of water hits the merfolk aquamancer.
The merfolk aquamancer is knocked back by the great wave of water.
The wave splashes down.
The water elemental is engulfed in a cloud of scalding steam.
You block the water elemental's attack.
You hear an angry hiss.
You chop the water elemental into pieces!!!
Your weapon exudes an aura of protection.
You destroy the water elemental!
Trog accepts your kill.
The merfolk hits you from afar with a trident!
* * * LOW HITPOINT WARNING * * *
A merfolk comes into view. It is wielding a trident.
The merfolk hits you but does no damage.
You closely miss the merfolk. Your kick misses the merfolk.
You slice the merfolk!! You block the merfolk's attack.
The merfolk aquamancer points at you and mumbles some strange words.
The great wave of water hits you!
* * * LOW HITPOINT WARNING * * *
The wave splashes down.
Splash!
You fall into the shallow water.
Moving in this stuff is going to be slow.
The merfolk hits you but does no damage.
You hear a screech!
You hear a shout!
You hear an angry hiss.
You hear a shout!
You hear an angry hiss.
You hear a shout! x2
You cut the merfolk into ribbons!!!
You kill the merfolk!
Trog accepts your kill.
You slice the merfolk!! You slice the merfolk!! You kick the merfolk.
You kill the merfolk!
Trog accepts your kill. You block the merfolk's attack.
Things that are here:
a trident; a throwing net {=f}; a merfolk corpse You slice the merfolk!!
You kick the merfolk! The merfolk hits you with a trident.
* * * LOW HITPOINT WARNING * * *
You are too berserk!
You carve the merfolk like a ham!!!
You feel the power of Trog in you as your rage grows.
You kill the merfolk!
Trog accepts your kill.
You are too berserk!
The merfolk aquamancer gestures at you while chanting.
The ball of steam hits you!
You die...

.≈≈≈≈. ..≈≈.# #...# #..## ≈
.#####...## ≈≈ .......≈..#
..≈ .........)# ....
...........)#### .....
≈.....#..≈..)@..####...#
.....###.....§≈...)...#
....####....m≈≈..÷)......
#.....#.≈≈≈≈≈≈≈≈≈≈≈≈≈..≈ .≈
#..≈≈...≈≈≈≈≈≈≈≈≈≈≈≈≈.≈≈
...###.≈≈≈..≈≈≈≈≈≈≈≈≈≈≈≈≈≈≈≈.
≈......≈≈≈≈[.≈≈≈≈≈≈≈≈≈≈≈≈≈P.≈
.## ##.≈≈≈≈..≈≈≈≈≈≈≈≈≈≈≈≈≈≈PP
..# ##........≈≈≈≈≈≈≈≈≈≈≈≈≈P≈


You could see a merfolk aquamancer.

Vanquished Creatures
  Donald (Shoals:2)
  Erolcha (D:9)
  Harold (Lair:3)
  A merfolk avatar (Shoals:1)
  A hydra (Lair:4)
  Sonja (Lair:4)
  A sea snake (Shoals:1)
  A hill giant (D:10)
  A lindwurm (Lair:4)
  4 fauns
  3 manticores
  8 elephants
  5 black mambas
  3 water nymphs
  3 sirens
  A spiny frog (Lair:2)
  4 komodo dragons
  3 polar bears (Lair:5)
  A hornet (D:8)
  2 jumping spiders (Lair:2)
  7 merfolk
  2 wind drakes (Shoals:1)
  Grinder (D:4)
  2 snapping turtles
  2 redbacks (Lair:2)
  2 water elementals (Shoals:2)
  A wyvern (D:8)
  10 yaks
  A hungry ghost (D:10)
  3 wargs (D:10)
  3 water moccasins
  6 porcupines
  A necrophage (D:8)
  4 wolves
  2 ogres
  3 centaurs
  2 crocodiles
  6 bullfrogs
  2 wyvern skeletons
  A scorpion (D:5)
  6 killer bees
  8 jellies
  A howler monkey (D:9)
  A bullfrog zombie (D:6)
  A quasit (D:6)
  2 centaur skeletons
  6 hounds
  10 orc priests
  11 orc wizards
  2 iguanas
  10 worker ants
  A howler monkey zombie (D:6)
  4 gnolls (D:7)
  8 adders
  3 shadow imps
  An adder zombie (D:7)
  7 oozes
  An adder skeleton (D:10)
  A worm (D:5)
  3 dart slugs
  4 leopard geckos
  26 orcs
  2 ball pythons
  3 bats (D:1)
  7 giant cockroaches
  11 goblins
  4 hobgoblins
  10 jackals
  3 quokkas
  6 frilled lizards
  10 kobolds
  A leopard gecko skeleton (D:4)
  2 quokka skeletons
  7 rats
  2 fungi
  3 plants (Shoals:1)
295 creatures vanquished.

Notes
Turn   | Place    | Note
-------+----------+-------------------------------------------
     0 | D:1      | RKaid the Minotaur Berserker began the quest for the Orb.
     0 | D:1      | Reached XP level 1. HP: 19/19 MP: 0/0
    50 | D:1      | Reached skill level 4 in Axes
   101 | D:1      | Reached XP level 2. HP: 20/26 MP: 1/1
   485 | D:1      | Reached ** piety under Trog
   539 | D:1      | Reached skill level 5 in Axes
   645 | D:2      | Reached XP level 3. HP: 31/31 MP: 2/2
   792 | D:2      | HP: 10/46 [poisoned by an adder]
   797 | D:2      | HP: 3/31 [poisoned by an adder]
   802 | D:2      | HP: 6/31 [poisoned by an adder]
  1098 | D:2      | Reached XP level 4. HP: 39/39 MP: 3/3
  1388 | D:2      | Reached skill level 6 in Axes
  1518 | D:3      | HP: 14/58 [something (3)]
  1521 | D:3      | HP: 5/58 [something (2)]
  1526 | D:3      | Reached XP level 5. HP: 7/45 MP: 4/4
  1775 | D:3      | Found a burning altar of Makhleb.
  1775 | D:3      | Found a stormy altar of Qazlal.
  1775 | D:3      | Found a blossoming altar of Fedhas.
  1823 | D:3      | Reached skill level 7 in Axes
  1945 | D:3      | Found a shadowy altar of Dithmenos.
  1945 | D:3      | Found a shimmering altar of Xom.
  2094 | D:3      | Reached *** piety under Trog
  2106 | D:3      | Found a white marble altar of Elyvilon.
  2219 | D:4      | Noticed an ogre
  2224 | D:4      | Noticed Grinder
  2229 | D:4      | Killed an ogre
  2229 | D:4      | Reached skill level 8 in Axes
  2229 | D:4      | Reached XP level 6. HP: 51/51 MP: 5/5
  2237 | D:4      | Killed Grinder
  2237 | D:4      | Reached skill level 9 in Axes
  2280 | D:4      | Found a hazy altar of Hepliaklqana.
  2385 | D:4      | Reached skill level 1 in Shields
  2444 | D:4      | Reached XP level 7. HP: 35/57 MP: 6/6
  2448 | D:4      | Reached skill level 2 in Shields
  2478 | D:4      | HP: 7/57 [iguana (8)]
  2480 | D:4      | HP: 2/57 [iguana (10)]
  2483 | D:4      | Reached skill level 3 in Shields
  3000 | D:5      | Entered Level 5 of the Dungeon
  3036 | D:5      | Reached skill level 4 in Shields
  3201 | D:5      | Found a snail-covered altar of Cheibriados.
  3207 | D:5      | Reached **** piety under Trog
  3295 | D:5      | Reached skill level 5 in Shields
  3541 | D:6      | Reached skill level 10 in Axes
  3571 | D:6      | Reached XP level 8. HP: 48/64 MP: 7/7
  3653 | D:6      | Reached skill level 6 in Shields
  3719 | D:6      | Found an iron altar of Okawaru.
  3799 | D:6      | Reached skill level 7 in Shields
  4274 | D:7      | Reached skill level 4 in Fighting
  4535 | D:7      | Found a staircase to the Ecumenical Temple.
  4830 | D:7      | Reached skill level 11 in Axes
  4834 | D:7      | Reached skill level 5 in Fighting
  4984 | D:8      | Found Kuywuisk's Antique Armour Emporium.
  4995 | D:8      | Found Afoz's Food Boutique.
  5029 | D:8      | Noticed a hornet
  5040 | D:8      | Paralysed by a hornet for 3 turns
  5045 | D:8      | HP: 13/69 [hornet (8)]
  5047 | D:8      | HP: 4/69 [hornet (13)]
  5472 | D:8      | Found Esugio's Jewellery Shop.
  5491 | D:8      | Reached XP level 9. HP: 73/75 MP: 8/8
  5578 | D:8      | Found a runed door.
  5578 | D:8      | Noticed a flayed ghost
  5578 | D:8      | Noticed a skeletal warrior
  5578 | D:8      | Noticed a centaur warrior
  5580 | D:8      | Noticed a meliai
  5580 | D:8      | Noticed a wolf spider
  5580 | D:8      | Noticed a wolf spider
  5646 | D:8      | Reached skill level 6 in Fighting
  5775 | D:8      | Got a spiked chain mail
  5790 | D:8      | Identified the +7 chain mail of Synyrisi {MP+9} (You found it on level 8 of the Dungeon)
  5796 | D:8      | Bought an encrusted ring mail for 234 gold pieces
  5806 | D:8      | Identified the +4 ring mail of Hepliaklqana's Envy {-Cast rC+ Str+3} (You bought it in a shop on level 8 of the Dungeon)
  5871 | D:8      | Found a radiant altar of Vehumet.
  5931 | D:8      | Reached skill level 7 in Fighting
  5931 | D:8      | Reached skill level 12 in Axes
  5940 | D:8      | Found Noelets's Weapon Emporium.
  6002 | D:8      | Reached ***** piety under Trog
  6453 | D:9      | Found a staircase to the Orcish Mines.
  6713 | D:9      | Reached skill level 8 in Fighting
  6809 | D:9      | Found a flagged portal.
  6914 | D:9      | Noticed Erolcha
  6929 | D:9      | Killed Erolcha
  6929 | D:9      | Reached skill level 9 in Fighting
  6929 | D:9      | Reached skill level 13 in Axes
  6982 | D:10     | Entered Level 10 of the Dungeon
  6987 | D:10     | Reached XP level 10. HP: 87/91 MP: 9/9
  6996 | D:10     | Noticed a hill giant
  6997 | D:10     | Got a twisted crystal plate armour
  7008 | D:10     | Killed a hill giant
  7008 | D:10     | Reached skill level 3 in Armour
  7024 | D:10     | Identified the cursed +0 crystal plate armour "Piffevif" {SInv} (You found it on level 10 of the Dungeon)
  7025 | D:10     | Identified a scroll of acquirement
  7070 | D:10     | Reached skill level 4 in Armour
  7118 | D:10     | Reached skill level 5 in Armour
  7154 | D:10     | Found a staircase to the Lair.
  7177 | Lair:1   | Entered Level 1 of the Lair of Beasts
  7186 | Lair:1   | Noticed a black mamba
  7199 | Lair:1   | Killed a black mamba
  7199 | Lair:1   | Reached skill level 14 in Axes
  7199 | Lair:1   | Reached skill level 6 in Armour
  7954 | Lair:1   | Got a transparent ring mail
  8039 | Lair:1   | Received a gift from Trog
  8244 | Lair:1   | Reached skill level 7 in Armour
  8472 | Lair:2   | Noticed a spiny frog
  8479 | Lair:2   | Killed a spiny frog
  8501 | Lair:2   | Reached skill level 8 in Armour
  8667 | Lair:2   | Noticed a siren
  8668 | Lair:2   | Found a staircase to the Shoals.
  8677 | Lair:2   | Killed a siren
  8677 | Lair:2   | Reached XP level 11. HP: 97/97 MP: 10/10
  8698 | Lair:2   | Found a hole to the Spider Nest.
  8711 | Lair:2   | Reached skill level 15 in Axes
  9059 | Lair:2   | Gained mutation: You are partially covered in slimy green scales. (AC +2) [potion of beneficial mutation]
  9234 | Lair:3   | Reached skill level 9 in Armour
  9418 | Lair:3   | Noticed Harold
  9429 | Lair:3   | Killed Harold
  9429 | Lair:3   | Reached skill level 10 in Armour
  9771 | Lair:4   | Reached skill level 16 in Axes
  9805 | Lair:4   | Noticed a lindwurm
  9821 | Lair:4   | Killed a lindwurm
  9965 | Lair:5   | Reached skill level 11 in Armour
  9990 | Lair:5   | Noticed a death yak
 10031 | Lair:4   | Reached XP level 12. HP: 66/104 MP: 11/11
 10244 | Lair:4   | Noticed Sonja
 10247 | Lair:4   | Noticed an eight-headed hydra
 10256 | Lair:4   | Killed a five-headed hydra
 10270 | Lair:4   | Killed Sonja
 10707 | Lair:3   | Reached skill level 12 in Armour
 10733 | Lair:3   | Reached skill level 8 in Shields
 10808 | Shoals:1 | Entered Level 1 of the Shoals
 10808 | Shoals:1 | Found Saziyd's Gadget Boutique.
 10855 | Shoals:1 | Identified the +3 ring mail "Uffineph" {*Drain Str+6} (You found it on level 1 of the Lair of Beasts)
 10910 | Shoals:1 | Found Poekk's Antique Armour Boutique.
 10919 | Shoals:1 | Found Wuowog's Antique Weapon Shoppe.
 10920 | Shoals:1 | Found Zidixore's Armour Boutique.
 10933 | Shoals:1 | Bought a +1 pair of gloves of strength for 297 gold pieces
 10962 | Shoals:1 | Reached skill level 9 in Shields
 11012 | Shoals:1 | Reached skill level 13 in Armour
 11084 | Shoals:1 | Noticed a merfolk avatar
 11097 | Shoals:1 | Killed a merfolk avatar
 11140 | Shoals:1 | Gained mutation: You have large cloven feet. [potion of beneficial mutation]
 11195 | Shoals:1 | Reached skill level 1 in Throwing
 11269 | Shoals:2 | Noticed Donald
 11277 | Shoals:2 | Killed Donald
 11277 | Shoals:2 | Reached skill level 2 in Throwing
 11277 | Shoals:2 | Reached skill level 10 in Shields
 11314 | Shoals:2 | Reached ****** piety under Trog
 11572 | Shoals:2 | Reached skill level 3 in Throwing
 11617 | Shoals:2 | HP: 28/156 [snapping turtle (19)]
 11829 | Shoals:2 | Noticed a merfolk aquamancer
 11850 | Shoals:2 | HP: 35/156 [merfolk/trident (8)]
 11852 | Shoals:2 | HP: 4/156 [merfolk aquamancer/great wave of water (31)]
 11858 | Shoals:2 | Killed from afar by a merfolk aquamancer

Skill      XL: |  1  2  3  4  5  6  7  8  9 10 11 12 |
---------------+-------------------------------------+-----
Axes           | 4 5 6 8 9 10 11 13 14 16 | 16.5
Shields        | 1 5 7 10 | 10.8
Fighting       | 5 9 |  9.2
Armour         | 8 11 13 | 13.7
Throwing       | 3 |  3.7
Dodging        | |  2.1

Action                   |  1- 3 |  4- 6 |  7- 9 | 10-12 || total
-------------------------+-------+-------+-------+-------++-------
Melee: Hand axe          |    64 |    76 |   291 |       ||   431
       Headbutt          |     7 |    15 |    82 |    78 ||   182
       War axe           |       |       |    35 |    78 ||   113
       Broad axe         |       |       |       |   255 ||   255
       Kick              |       |       |       |    14 ||    14
Throw: Stone             |       |     4 |    16 |       ||    20
       Javelin           |       |       |       |     2 ||     2
Invok: Berserk           |     1 |     2 |    10 |    10 ||    23
       Trog's Hand       |     1 |       |       |       ||     1
       Burn Spellbooks   |       |       |     3 |     2 ||     5
  Use: Potion            |     2 |       |     5 |     2 ||     9
       Scroll            |       |     9 |     6 |    12 ||    27
  Eat: Chunk             |     2 |    13 |    30 |    23 ||    68
       Fruit             |       |     1 |       |       ||     1
Armor: Animal skin       |     5 |     9 |     1 |       ||    15
       Chain mail        |       |       |    74 |       ||    74
       Ring mail         |       |       |    11 |    38 ||    49
       Crystal plate arm |       |       |       |   128 ||   128
Dodge: Dodged            |    37 |    33 |   146 |    91 ||   307
Block: Buckler           |       |       |    58 |     2 ||    60
       Shield            |       |       |       |   197 ||   197
       Reflection        |       |       |       |     8 ||     8

Vault maps used:
D:1:      matt_arrival_grand_opening, minmay_misc_feat_square,
          supply_closet_lemuel
D:3:      elyvilon_altar_1, gammafunk_temple_overflow_claw,
          gammafunk_temple_overflow_pools
D:4:      nicolae_overflow_crystal_walls, uniq_grinder
D:5:      slow_altar_1, first_bread
D:6:      old_standard_altar, serial_glass, glass_columns_a, glass_columns_a,
          glass_columns_a, glass_columns_a, glass_columns_c, glass_columns_a,
          glass_columns_a, glass_columns_b, glass_columns_b, glass_columns_a,
          glass_columns_b, glass_columns_b, glass_columns_b, glass_columns_a,
          grunt_decor_one_mirror
D:7:      minmay_misc_feat_room
D:8:      minmay_gate_of_8, kennysheep_mini, serial_shops,
          nicolae_shop_window_shopping, nicolae_shop_behind_doors, shop,
          nicolae_shop_stone, hangedman_little_slice_of_home,
          serial_park_tiny_pond, minivault_5
D:9:      david_orc_2, enter_bailey_3, uniq_erolcha
D:10:     erik_lair_orcish_takeover
Lair:1:   lab_entry_generic, serial_bayou_pond_b
Lair:2:   minmay_shoals_entry_lonely_mermaid, nicolae_spider_entry_tight_spaces
Lair:3:   uniq_harold
Lair:4:   serial_bayou_shore_b, grunt_megastairs_1, infiniplex_staircase_pool,
          uniq_sonja
Lair:5:   slime_altar_1, beast_lair_carwin_7, serial_bayou_shore_b,
          serial_bayou_shore_b, uniq_josephine
Shoals:1: serial_shops, shop, shop, nicolae_shop_overgrown_old_shop,
          nicolae_shop_trees
Shoals:2: uniq_donald

Table legend:
 A = Turns spent in this place as a percentage of turns spent in the entire game.
 B = Non-inter-level travel turns spent in this place as a percentage of non-inter-level travel turns spent in the entire game.
 C = Inter-level travel turns spent in this place as a percentage of turns spent in this place.
 D = Turns resting spent in this place as a percentage of non-inter-level travel turns spent in this place.
 E = Turns spent auto-exploring this place as a percentage of non-inter-level travel turns spent in this place.
 F = Non-inter-level travel turns spent in this place divided by the number of levels of this place that you've seen.
                   A       B       C       D       E      F
               +-------+-------+-------+-------+-------+----------------------
         Total | 100.0 | 100.0 |   0.5 |   2.1 |   2.9 | 258.3
       Dungeon |  60.0 |  60.0 |   0.4 |   1.4 |   4.0 | 263.5
          Lair |  27.5 |  27.5 |   0.6 |   3.1 |   1.9 | 241.4
        Shoals |  12.5 |  12.5 |   0.5 |   3.3 |   0.2 | 274.5
               +-------+-------+-------+-------+-------+----------------------

Table legend:
 A = Kills in this place as a percentage of kills in entire the game.
 B = Kills by you in this place as a percentage of kills by you in the entire game.
 C = Kills by friends in this place as a percentage of kills by friends in the entire game.
 D = Other kills in this place as a percentage of other kills in the entire game.
 E = Experience gained in this place as a percentage of experience gained in the entire game.
 F = Experience gained in this place divided by the number of levels of this place that you have seen.
                   A       B       C       D       E      F
               +-------+-------+-------+-------+-------+----------------------
         Total | 100.0 | 100.0 |  -nan |  -nan | 100.0 | 2233.9
       Dungeon |  70.3 |  70.3 |  -nan |  -nan |  19.4 | 735.3
          Lair |  20.0 |  20.0 |  -nan |  -nan |  45.9 | 3484.8
        Shoals |   9.7 |   9.7 |  -nan |  -nan |  34.8 | 6599.5
               +-------+-------+-------+-------+-------+----------------------
